 Dungeon Crawl Stone Soup version 0.23.2-33-g5129a83184 (webtiles) character file.

Game seed: 7602106216338573290

1701 MalarOregon the Geomancer (level 9, 0/69 (71) HPs)
             Began as a Ghoul Earth Elementalist on July 14, 2019.
             Was an Initiate of Hepliaklqana.
             Slain by a killer bee (5 damage)
             ... on level 6 of the Dungeon.
             The game lasted 00:16:40 (7480 turns).

MalarOregon the Geomancer (GhEE)                    Turns: 7480, Time: 00:16:40

HP:   0/69 (71)     AC:  6    Str: 12    XL:     9   Next: 3%
MP:   2/10          EV: 12    Int: 13    God:    Hepliaklqana [......]
Gold: 402           SH:  0    Dex:  9    Spells: 1/11 levels left

rFire    . . .     SeeInvis .   (no weapon)
rCold    + . .     Gourm    .   (no shield)
rNeg     + + +     Faith    .   c - +0 robe
rPois    ∞         Spirit   .   r - +2 helmet
rElec    .         Reflect  .   (no cloak)
rCorr    .         Harm     .   (no gloves)
MR       .....                  a - +0 pair of boots {Fly}
Stlth    ++........             j - amulet of magic regeneration
HPRegen  0.00/turn              (no ring)
MPRegen  0.37/turn              (no ring)

@: flying, rotting
A: rotting body, reduced essence, claws 1, carnivore, cold resistance 1,
negative energy resistance 3, inhibited regeneration, torment resistance,
unbreathing
a: Recall Ancestor, Ancestor Identity, Renounce Religion, Stop Flying


You were on level 6 of the Dungeon.
You worshipped Hepliaklqana.
Hepliaklqana was noncommittal.
You were not hungry.

You visited 2 branches of the dungeon, and saw 7 of its levels.

You collected 402 gold pieces.

Inventory:

Missiles
 b - 43 stones (quivered)
Armour
 a - a +0 pair of boots of flying (worn)
   (You found it on level 1 of the Dungeon)
 c - a +0 robe (worn)
 r - a +2 helmet (worn)
   (You found it on level 2 of the Dungeon)
 z - a +0 cloak
   (You found it on level 5 of the Dungeon)
Jewellery
 j - an amulet of magic regeneration (around neck)
   (You found it on level 1 of the Dungeon)
 o - an uncursed ring of protection from fire {unknown}
   (You found it on level 2 of the Dungeon)
 B - the ring of Phasing {EV+8}
   (You found it on level 6 of the Dungeon)

   [ring of evasion]

   It affects your evasion (+8).
Wands
 u - a wand of paralysis (9)
   (You found it on level 4 of the Dungeon)
 x - a wand of acid (8)
   (You found it on level 3 of the Dungeon)
Scrolls
 g - 6 scrolls of identify {unknown}
 h - a scroll of enchant weapon {unknown}
 k - 2 scrolls of immolation {unknown}
 l - a scroll of blinking {unknown}
 m - 4 scrolls of teleportation {unknown}
 p - 2 scrolls of remove curse {unknown}
 q - a scroll of magic mapping {unknown}
 v - a scroll of enchant armour {unknown}
 w - a scroll of amnesia {unknown}
 y - 2 scrolls of fog {unknown}
Potions
 d - 2 potions of lignification {unknown}
 f - a potion of mutation {unknown}
 i - 3 potions of degeneration {unknown}
 n - 2 potions of flight {unknown}
 s - a potion of cancellation {unknown}
 t - a potion of haste {unknown}
 A - a potion of curing {@q1}
Comestibles
 e - 9 rations {!d}


   Skills:
 + Level 7.5 Fighting
 - Level 1.7 Dodging
 - Level 2.1 Stealth
 - Level 1.7 Spellcasting
 - Level 0.8 Transmutations
 - Level 10.1 Earth Magic


You had one spell level left.
You knew the following spells:

 Your Spells              Type           Power        Failure   Level  Hunger
a - Sandblast             Erth           ####..       1%          1    ##.....
b - Petrify               Tmut/Erth      ###.....     26%         4    #####..
q - Passwall              Tmut/Erth      ###.....     4%          2    ###....
x - Stone Arrow           Conj/Erth      ##....       10%         3    ####...

Your spell library contained the following spells:

 Spells                   Type           Power        Failure   Level  Hunger
 Lee's Rapid Deconstruct  Erth           ####......   11%         5    ######.


Dungeon Overview and Level Annotations

Branches:
Dungeon (6/15)             Temple (1/1) D:4

Altars:
Ashenzari
Cheibriados
Dithmenos
Elyvilon
Fedhas
Gozag
Hepliaklqana
Kikubaaqudgha
Makhleb
Nemelex Xobeh
Okawaru
Qazlal
Ru
Sif Muna
Trog
Vehumet
Wu Jian
Xom
Yredelemnul
Zin
The Shining One

Annotations:
D:3 Terence


Innate Abilities, Weirdness & Mutations

Your body is rotting away.
You thrive on raw meat.
You are immune to poison.
You have sharp fingernails.
You are carnivorous and can eat meat at any time.
Your flesh is cold resistant. (rC+)
You are immune to negative energy. (rN+++)
You do not regenerate when monsters are visible.
You are immune to unholy pain and torment.
You can survive without breathing.
Your life essence is reduced to manifest your ancestor. (-10% HP)


Message History

The killer bee stings you!
* * * LOW HITPOINT WARNING * * *
Publius hits the killer bee but does no damage.
Aim: a killer bee (severely wounded)
The blast of sand hits the killer bee!
You kill the killer bee!
You have reached level 9!
Your experience leads to an increase in your attributes!
Increase (S)trength, (I)ntelligence, or (D)exterity?
You feel clever.
Publius remembers more of his old skill.
b - 47 stones The killer bee stings Publius.
The killer bee closely misses you.
The killer bee stings Publius!
The killer bee barely misses you. The killer bee stings you.
* * * LOW HITPOINT WARNING * * *
Publius hits the killer bee.
The killer bee dies!
Unknown command.
Aim: a killer bee (severely wounded)
The blast of sand misses the killer bee.
b - 46 stones The killer bee stings you but does no damage.
The killer bee closely misses you. The killer bee misses you.
The killer bee barely misses you.
Unknown command.
Aim: a killer bee (severely wounded)
The blast of sand misses the killer bee.
b - 45 stones The killer bee misses you.
The killer bee barely misses you. The killer bee stings you!
* * * LOW HITPOINT WARNING * * *
The killer bee closely misses you.
Publius barely misses the killer bee.
Aim: a killer bee (severely wounded)
The blast of sand misses the killer bee.
b - 44 stones The killer bee stings you.
* * * LOW HITPOINT WARNING * * *
The killer bee misses you. The killer bee closely misses you.
The killer bee misses you.
Publius misses the killer bee.
Okay, then.
Aim: a killer bee (severely wounded)
The blast of sand misses the killer bee.
b - 43 stones The killer bee stings you.
* * * LOW HITPOINT WARNING * * *
The killer bee stings you.
* * * LOW HITPOINT WARNING * * *
The killer bee closely misses you. The killer bee stings you.
You die...

#####...# #... #.......'.....#
#... +.<.....#....?# #...
#.###...#.....#..# .# #... ###.#
###.....#..# ..######... #...#
..#.....#..##..##...#... #...#
..'.....#..... #...'... ##..# ..
#...yy#.... #...#... ###..##...
#...R@#..# #####...
.#.........#.....#..######...####
.#.........#.....'...<.......#...
................$#...........#...
#.#####.#####....###'###.##..###.
#.#⌠≈≈###≈≈⌠#.....#..###.##..###.
..#≈≈≈≈≈≈≈≈≈#..(..#............#.
..#≈≈≈###≈≈≈#.....#............#.
..##≈##.##≈##.....#.....).....###


You could see the friendly Publius the ancestor and 2 killer bees.

Vanquished Creatures
  A sky beast (D:5)
  4 centaurs (D:5)
  5 ogres
  2 killer bees (D:6)
  A bullfrog zombie (D:5)
  A howler monkey (D:6)
  A crimson imp (D:5)
  3 hounds
  3 orc wizards
  Natasha (thrice) (D:4)
  A worker ant (D:2)
  Robin (D:2)
  A worker ant zombie (D:5)
  4 gnolls (D:5)
  5 adders
  A shadow imp (D:4)
  2 oozes
  2 adder skeletons (D:5)
  3 worms
  5 dart slugs
  6 leopard geckos
  7 orcs
  5 bats
  3 giant cockroaches
  16 goblins
  12 hobgoblins
  3 quokkas
  A ball python (D:3)
  2 frilled lizards (D:2)
  6 kobolds
  A quokka skeleton (D:5)
  A quokka zombie (D:5)
  12 rats
124 creatures vanquished.

Vanquished Creatures (collateral kills)
  A centaur (D:6)
  A killer bee (D:6)
  A howler monkey (D:6)
  An orc (D:6)
  A quokka (D:6)
5 creatures vanquished.

Grand Total: 129 creatures vanquished

Notes
Turn   | Place    | Note
-------+----------+-------------------------------------------
     0 | D:1      | MalarOregon the Ghoul Earth Elementalist began the quest
                  | for the Orb.
     0 | D:1      | Reached XP level 1. HP: 14/14 MP: 2/2
   156 | D:1      | Reached XP level 2. HP: 16/20 MP: 3/3
   228 | D:1      | Reached skill level 4 in Earth Magic
   801 | D:1      | Reached XP level 3. HP: 26/26 MP: 4/4
  1401 | D:2      | Reached skill level 5 in Earth Magic
  1414 | D:2      | Reached skill level 1 in Fighting
  1414 | D:2      | Reached XP level 4. HP: 35/35 MP: 2/5
  1811 | D:2      | Noticed an angel
  1812 | D:2      | Found a glowing silver altar of Zin.
  1814 | D:2      | Found a shimmering altar of Xom.
  2351 | D:2      | Noticed Robin
  2381 | D:2      | Reached XP level 5. HP: 31/45 MP: 0/6
  2393 | D:2      | Killed Robin
  2763 | D:3      | Noticed Terence
  3251 | D:3      | Found an ancient bone altar of Kikubaaqudgha.
  3546 | D:4      | Found a stormy altar of Qazlal.
  3566 | D:4      | Noticed an ogre
  3574 | D:4      | Killed an ogre
  3574 | D:4      | Reached XP level 6. HP: 39/54 MP: 2/7
  4057 | D:3      | Reached skill level 5 in Fighting
  4420 | D:4      | Noticed Natasha
  4426 | D:4      | Killed Natasha
  4572 | D:4      | Found a staircase to the Ecumenical Temple.
  4615 | D:4      | Found a burning altar of Makhleb.
  4793 | D:4      | Reached skill level 6 in Earth Magic
  4804 | D:4      | Learned a level 2 spell: Passwall
  4808 | D:4      | Learned a level 3 spell: Stone Arrow
  4859 | D:4      | Noticed Natasha
  4864 | D:4      | Killed Natasha
  4968 | D:4      | Noticed Natasha
  4968 | D:4      | Found a stormy altar of Qazlal.
  4980 | D:4      | Killed Natasha
  5023 | D:5      | Entered Level 5 of the Dungeon
  5045 | D:5      | Reached skill level 7 in Earth Magic
  5045 | D:5      | Reached XP level 7. HP: 9/61 MP: 1/8
  5506 | D:5      | Reached skill level 8 in Earth Magic
  5603 | D:5      | Reached XP level 8. HP: 67/68 MP: 5/9
  5624 | D:5      | Reached skill level 9 in Earth Magic
  6003 | D:5      | Reached skill level 10 in Earth Magic
  6397 | Temple   | Entered the Ecumenical Temple
  6881 | Temple   | Became a worshipper of Hepliaklqana the Forgotten
  7127 | D:6      | Found a snail-covered altar of Cheibriados.
  7179 | D:6      | Found the ring of Phasing {EV+8}
  7234 | D:6      | Learned a level 4 spell: Petrify
  7476 | D:6      | Reached XP level 9. HP: 24/69 MP: 4/10
  7480 | D:6      | Slain by a killer bee

Skill      XL: |  1  2  3  4  5  6  7  8 |
---------------+-------------------------+-----
Earth Magic    | 4 5 7 8 10 | 10.1
Fighting       | 1 3 4 5 7 |  7.5
Dodging        | |  1.7
Stealth        | |  2.1
Spellcasting   | |  1.7
Transmutations | |  0.8

Action                   |  1- 3 |  4- 6 |  7- 9 || total
-------------------------+-------+-------+-------++-------
Melee: Unarmed           |   128 |   198 |   105 ||   431
 Cast: Sandblast         |    13 |    91 |    80 ||   184
  Use: Potion            |       |       |     1 ||     1
 Stab: Sleeping          |     1 |     5 |     1 ||     7
  Eat: Chunk             |     2 |    15 |    18 ||    35
Armor: Robe              |    21 |    72 |    35 ||   128
Dodge: Dodged            |    77 |   153 |   115 ||   345
